 Dungeon Crawl Stone Soup version 0.14-a0-736-g2a71271 (webtiles) character file.

126 Malachi the Insei (level 4, 0/35 HPs)
             Began as a Draconian Transmuter on Nov 7, 2013.
             Slain by a green rat (3 damage)
             ... on Level 3 of the Dungeon.
             The game lasted 00:03:57 (2223 turns).

Malachi the Ruffian (Draconian Transmuter)          Turns: 2223, Time: 00:03:58

HP   0/35        AC  5     Str 13      XL: 4   Next: 13%
MP   2/6         EV 18     Int 14      God:
Gold 49          SH  0     Dex 16      Spells:  3 memorised,  1 level left

Res.Fire  : + . .   See Invis. : .     - Unarmed
Res.Cold  : x . .   Warding    : .   (armour unavailable)
Life Prot.: . . .   Conserve   : .   (no shield)
Res.Poison: .       Res.Corr.  : .   (helmet restricted)
Res.Elec. : .       Clarity    : .   (no cloak)
Sust.Abil.: . .     Spirit.Shd : .   (no gloves)
Res.Mut.  : .       Stasis     : .   (no boots)
Res.Rott. : .       Flight     : .   (no amulet)
Saprovore : . . .                    i - ring of protection from magic
                                     c - ring of fire

@: agile, very slightly contaminated, somewhat resistant to hostile
enchantments, stealthy
A: unfitting armour, AC +5
a: no special abilities


You were on level 3 of the Dungeon.
You were not hungry.

You visited 1 branch of the dungeon, and saw 3 of its levels.

You collected 49 gold pieces.

Inventory:

Missiles
 b - 46 arrows
 h - 7 arrows of dispersal
Comestibles
 a - a bread ration
 g - an apple
 t - a chunk of bat flesh
Scrolls
 e - a scroll of random uselessness {unknown}
 j - 2 scrolls of remove curse {unknown}
 k - a scroll of identify
 n - a scroll of blinking {unknown}
 o - 2 scrolls of magic mapping {unknown}
 p - a scroll of curse jewellery {unknown}
 q - a scroll of fear {unknown}
Jewellery
 c - a ring of fire (left hand)
 i - a ring of protection from magic (right hand)
Books
 d - a book of Changes

   Spells                             Type                      Level
   *Beastly Appendage                 Transmutation                1
   *Sticks to Snakes                  Transmutation                2
   *Spider Form                       Transmutation/Poison         3
   Ice Form                           Ice/Transmutation            4
   Blade Hands                        Transmutation                5


   Skills:
 + Level 1.5 Fighting
 + Level 2.5 Dodging
 - Level 0.2 Stealth
 + Level 3.6 Unarmed Combat
 - Level 2.0 Spellcasting
 * Level 2.8 Transmutations
 * Level 0.8 Poison Magic


You had one spell level left.
You knew the following spells:

 Your Spells              Type           Power        Failure   Level  Hunger
a - Beastly Appendage     Trmt           #.....       10%         1    ##.....
b - Sticks to Snakes      Trmt           #.........   14%         2    ###....
c - Spider Form           Trmt/Pois      #.........   38%         3    ####...


Dungeon Overview and Level Annotations

Branches:
Dungeon (3/27)

Altars:

Portals:
Sewer: D:3


Message History

The adder is heavily wounded.
The adder misses you. The adder closely misses you.
You hit the adder.
Your tail-slap misses the adder.
The adder is almost dead.
The adder bites you.
* * * LOW HITPOINT WARNING * * *
You barely miss the adder.
The adder is almost dead.
The adder closely misses you.
You closely miss the adder.
The adder is almost dead.
The adder bites you.
* * * LOW HITPOINT WARNING * * *
You hit the adder.
You kill the adder!
You closely miss the green rat. Your headbutt misses the green rat.
Your tail-slap misses the green rat.
Your horns disappear.
The green rat bites you.
You die...

##### #### .≈≈≈∩# ...#
.≈≈≈≈# ##.# ..≈≈≈# #.#
..≈≈≈# ##.## ########...≈≈#
#...# ########.@rrs.r.....#
#...####........############
......##.#####..# .........#
#..# ......#### #..# ....###
#..# #...# #..# ##### #..#
#..#


You could see a green rat, a grey rat, a giant cockroach and a rat.

Vanquished Creatures
  4 adders
  3 bats
  5 hobgoblins
  3 jackals (D:2)
  6 kobolds
  3 giant cockroaches
  3 giant newts
  8 goblins
  A quokka (D:2)
  10 rats
46 creatures vanquished.

Notes
Turn   | Place    | Note
--------------------------------------------------------------
     0 | D:1      | Malachi, the Draconian Transmuter, began the quest for the Orb.
     0 | D:1      | Reached XP level 1. HP: 16/16 MP: 1/1
   431 | D:1      | Reached XP level 2. HP: 14/23 MP: 0/3
   524 | D:1      | Learned a level 2 spell: Sticks to Snakes
  1508 | D:2      | Reached XP level 3. HP: 28/28 MP: 2/4
  1525 | D:2      | Learned a level 3 spell: Spider Form
  2176 | D:3      | Found a glowing drain.
  2194 | D:3      | Reached XP level 4. HP: 11/35 MP: 6/6
  2198 | D:3      | Paralysed by a potion of paralysis for 3 turns
  2223 | D:3      | Slain by a green rat

Action                   |  1- 3 |  4- 6 || total
-------------------------+-------+-------++-------
Melee: Unarmed           |   173 |    12 ||   185
 Cast: Beastly Appendage |    22 |     1 ||    23
       Sticks to Snakes  |       |     1 ||     1
  Use: Scroll            |     1 |       ||     1
       Potion            |       |     6 ||     6
